 Dungeon Crawl Stone Soup version 0.31-a0-833-gc15d34cb79 (webtiles) character file.

Game seed: 13073820174637217154

32 Angani the Sneak (level 3, -1/20 HPs)
             Began as a Vine Stalker Delver on Sept 26, 2023.
             Slain by a river rat (4 damage)
             ... in a sewer.
             The game lasted 00:02:00 (326 turns).

Angani the Sneak (Vine Stalker Delver)               Turns: 326, Time: 00:02:01

Health: -1/20      AC:  4    Str: 14    XL:     3   Next: 27%
Magic:  0/4        EV: 11    Int: 10    God:
Gold:   0          SH:  0    Dex: 17    Spells: 2/2 levels left

rFire   . . .        a - +0 short sword
rCold   . . .        (no shield)
rNeg    . . .        b - +0 leather armour
rPois   .            (no helmet)
rElec   .            (no cloak)
rCorr   .            h - +0 pair of gloves
SInv    .            (no boots)
Will    .....        (no amulet)
Stlth   +++          (no ring)
HPRegen 1.03/turn    (no ring)
MPRegen 0.09/turn

%: guardian spirit
@: no status effects
A: fangs 2, regeneration 1, magic shield, antimagic bite, no potion heal 2
a: no special abilities


You were in a sewer.
You visited 1 branch of the dungeon, and saw 3 of its levels.
You also visited: Sewer.

Inventory:

Hand Weapons
 a - a +0 short sword (weapon)
Armour
 b - a +0 leather armour (worn)
 h - a +0 pair of gloves (worn)
Wands
 g - a wand of digging (3)
Scrolls
 c - a scroll of fog
 d - a scroll of revelation
 e - 4 scrolls of fear
 i - a scroll of identify {unknown}
 j - a scroll of brand weapon {unknown}
Potions
 f - a potion of haste
 k - a potion of mutation {unknown}


   Skills:
 + Level 3.1 Fighting
 * Level 2.8 Short Blades
 - Level 1.5 Dodging
 - Level 6.0 Stealth


You had 2 spell levels left.
You didn't know any spells.
Your spell library was empty.

Dungeon Overview and Level Annotations

Branches:
Dungeon (5/15)              Sewer (1/1)
 Temple: D:4-7

Altars:


Innate Abilities, Weirdness & Mutations

You have extremely sharp teeth.
Your natural rate of healing is unusually fast.
When hurt, damage is shared between your health and your magic reserves.
Your bite disrupts and absorbs the magic of your enemies.
Potions cannot restore your health.


Message History

You kill the rat!
A river rat and 3 rats come into view.
You see here a rat corpse.
You hit the river rat but do no damage. Your bite misses the river rat.
The rat bites you but does no damage. The river rat bites you!
You see here a rat corpse.
You barely miss the rat. Your bite misses the rat.
The river rat barely misses you.
You see here a rat corpse.
You hit the river rat but do no damage. You bite the river rat.
You drain its power.
You feel invigorated.
The river rat is lightly wounded.
The river rat closely misses you.
You hit the river rat but do no damage.
The river rat is lightly wounded.
The river rat misses you.
You hit the river rat but do no damage.
You bite the river rat, but do no damage.
The river rat is lightly wounded.
The river rat bites you!
You hit the river rat but do no damage.
You bite the river rat, but do no damage.
The river rat is lightly wounded.
The river rat bites you.
You hit the river rat.
You bite the river rat, but do no damage.
The river rat is heavily wounded.
You hit the river rat but do no damage.
You bite the river rat, but do no damage.
The river rat is heavily wounded.
The river rat bites you!
You hit the river rat. Your bite misses the river rat.
The river rat is severely wounded.
The river rat bites you!
* * * LOW HITPOINT WARNING * * *
Okay, then.
You closely miss the river rat. Your bite misses the river rat.
The river rat is severely wounded.
The river rat bites you.
You die...

# #.## ..# ##### #r##r###.#.#
#..r.#@#.## #####r#†#.##
#.#####.#
#################.#############
≈≈≈≈#≈~..~...~....~~~~~~~~~~~~.
≈≈≈≈#≈~.~†.~....~.~.~~.~~~.~~~~
########################~######
#~# #†#


You could see a river rat.

Vanquished Creatures
  An adder (Sewer)
  A river rat (D:3)
  A worm (D:3)
  A giant cockroach (D:4)
  3 ball pythons
  5 frilled lizards (Sewer)
  5 rats (Sewer)
17 creatures vanquished.

Notes
Turn   | Place    | Note
-------+----------+-------------------------------------------
     0 | D:5      | Angani the Vine Stalker Delver began the quest for the Orb.
     0 | D:5      | Reached XP level 1. HP: 11/11 MP: 2/2
    96 | D:3      | Found a glowing drain.
    99 | D:3      | Reached XP level 2. HP: 16/16 MP: 3/3
   142 | Sewer    | Entered a sewer
   223 | Sewer    | Reached XP level 3. HP: 15/20 MP: 4/4
   326 | Sewer    | Slain by a river rat

Illustrated notes

Levels and vault maps discovered:
D:3:      minmay_evil_eye, layout_rooms, nicolae_uskayaw_dance_hall,
          gammafunk_temple_overflow_elements, cheibrodos_sewer_entry_sluice,
          roderic_batcave, st_stairs_9, uniq_grinder
D:4:      nicolae_cairo_tiling, layout_basic
D:5:      layout_basic, mainiacjoe_overflow_catwalk, mainiacjoe_overflow_paths,
          kennysheep_mini, uniq_prince_ribbit1, uniq_sigmund, uniq_eustachio
Sewer:    sewer_co_cracked_pipes

Skill      XL: |  1  2 |
---------------+-------+-----
Short Blades   | 2 |  2.8
Fighting       | 3 |  3.1
Dodging        | |  1.5
Stealth        | |  6.0

Action                     || total
---------------------------++-------
  Melee: Short sword       ||    67
         Bite              ||    13
         Punch             ||     1
   Stab: Sleeping          ||     6
 Armour: Leather armour    ||    33
  Dodge: Dodged            ||    32

Table legend: (Time is in decaauts)
 A = Elapsed time spent in this place.
 B = Non-inter-level travel time spent in this place.
 C = Inter-level travel time spent in this place.
 D = Time resting spent in this place.
 E = Time spent auto-exploring this place.
 F = Levels seen in this place.
 G = Mean time per level.
                   A        B        C        D        E       F      G
               +--------+--------+--------+--------+--------+-----+--------+
         Total |    360 |    360 |      0 |      5 |      0 |   4 |   90.0 |
       Dungeon |    140 |    140 |      0 |      0 |      0 |   3 |   46.7 |
         Sewer |    219 |    219 |      0 |      5 |      0 |   1 |  219.0 |
               +--------+--------+--------+--------+--------+-----+--------+

Top non-repeatable levels by time:
   Sewer: 219 daAuts
     D:4: 85 daAuts
     D:3: 49 daAuts
     D:5: 6 daAuts
